 Dungeon Crawl Stone Soup version 0.19.0-2-gae57169 (webtiles) character file.

1443192 Dioneo the Slayer (level 26, 174/254 HPs)
             Began as a Red Draconian Conjurer on Nov 4, 2016.
             Was the Champion of Ashenzari.
             Escaped with the Orb
             ... and 3 runes on Nov 5, 2016!
             The game lasted 07:30:48 (99166 turns).

Dioneo the Slayer (Red Draconian Conjurer)         Turns: 99166, Time: 07:30:49

Health: 174/254    AC: 26    Str: 15    XL:     26   Next: 89%
Magic:  47/47      EV: 31    Int: 36    God:    Ashenzari [******]
Gold:   1570       SH:  6    Dex: 17    Spells: 11 memorised, 19 levels left

rFire  + . .     SeeInvis +     w - +9 demon whip (freeze) (curse)
rCold  + + .     Gourm    .     (armour unavailable)
rNeg   . . .     Faith    .     G - +0 buckler of Niogiak {Int+2} (curse)
rPois  .         Spirit   .     o - +3 crown of Dyrovepreva {rElec Int+2 SInv} (curse)
rElec  +         Reflect  .     U - +2 cloak {rC+} (curse)
rCorr  .         Harm     .     O - +2 pair of gloves (curse)
MR     ++++.     Clarity  +     Z - +0 pair of boots (curse)
Stlth  +++.......               N - amulet of magic regeneration (curse)
                                v - ring "Qahuifot" {rC+ MR+ Int+4} (curse)
                                a - ring "Peod" {MR++ AC+4 Str+2 Int+8} (curse)

@: very slightly contaminated
A: breathe fire, unfitting armour, horns 1, fire resistance 1, cold-blooded, AC
+12
a: Breathe Fire, Curse Item, Scrying, Transfer Knowledge, Renounce Religion
0: Orb of Zot
}: 3/15 runes: decaying, abyssal, gossamer


You escaped.
You worshipped Ashenzari.
Ashenzari was exalted by your worship.
You were not hungry.

You visited 8 branches of the dungeon, and saw 45 of its levels.
You visited the Abyss 1 time.
You also visited: Sewer and Ice Cave.

You collected 5781 gold pieces.
You spent 4211 gold pieces at shops.

Inventory:

Hand Weapons
 w - a cursed +9 demon whip of freezing (weapon)
Armour
 o - the cursed +3 crown of Dyrovepreva (worn) {rElec Int+2 SInv}
   (You bought it in a shop on level 2 of the Orcish Mines)

   It affects your intelligence (+2).
   It insulates you from electricity.
   It lets you see invisible.
   It has a curse placed upon it.
 G - the cursed +0 buckler of Niogiak (worn) {Int+2}
   (You found it on level 6 of the Lair of Beasts)

   It affects your intelligence (+2).
   It has a curse placed upon it.
 O - a cursed +2 pair of gloves (worn)
 U - a cursed +2 cloak of cold resistance (worn)
 Z - a cursed +0 pair of boots (worn)
Jewellery
 a - the cursed ring "Peod" (left hand) {MR++ AC+4 Str+2 Int+8}
   (You bought it in a shop on level 1 of the Depths)

   [ring of protection]

   It affects your AC (+4).
   It affects your strength (+2).
   It affects your intelligence (+8).
   It affects your resistance to hostile enchantments.
   It has a curse placed upon it.
 h - an uncursed ring of poison resistance
 k - an uncursed ring of protection from magic
 v - the cursed ring "Qahuifot" (right hand) {rC+ MR+ Int+4}
   (You found it on level 6 of the Lair of Beasts)

   [ring of protection from magic]

   It affects your intelligence (+4).
   It protects you from cold.
   It affects your resistance to hostile enchantments.
   It has a curse placed upon it.
 z - an uncursed ring of protection from fire
 N - a cursed amulet of magic regeneration (around neck)
Wands
 e - a wand of teleportation (5/9)
 n - a wand of heal wounds (0/9)
 r - a wand of digging (0/24)
 J - a wand of digging (7/24)
 Q - a wand of acid (9/15)
 R - a wand of teleportation (6/9)
 X - a wand of digging (5/24)
Scrolls
 i - 4 scrolls of remove curse
 m - 7 scrolls of identify
 p - 5 scrolls of amnesia
 s - 9 scrolls of fog
 t - 8 scrolls of fear
 y - a scroll of summoning
 L - 4 scrolls of holy word
 T - 3 scrolls of silence
 Y - a scroll of enchant weapon
Potions
 f - 3 potions of ambrosia
 j - 9 potions of flight
 l - 8 potions of might
 A - 2 potions of invisibility
 C - 4 potions of resistance
 D - 7 potions of brilliance
 F - 14 potions of agility
 I - 9 potions of curing
 M - 4 potions of cancellation
 V - 8 potions of cure mutation
Miscellaneous
 b - a box of beasts
 c - a disc of storms
 H - a crystal ball of energy
 K - a lamp of fire
 W - a fan of gales
Comestibles
 P - 3 meat rations


   Skills:
 + Level 24.2 Fighting
 - Level 12.0(16.1) Maces & Flails
 + Level 20.4(23.9) Dodging
 + Level 15.2(19.2) Stealth
 - Level 4.0(6.8) Shields
 + Level 20.0 Spellcasting
 - Level 16.1(20.0) Conjurations
 - Level 7.0(11.5) Charms
 - Level 16.0(19.9) Fire Magic
 - Level 7.0(11.5) Evocations


You had 19 spell levels left.
You knew the following spells:

 Your Spells              Type           Power        Failure   Level  Hunger
a - Magic Dart            Conj           ####         0%          1    None
b - Searing Ray           Conj           ######       0%          2    None
c - Iskenderun's Mystic   Conj           ########     0%          4    None
d - Iskenderun's Battles  Conj/Chrm      #######.     1%          5    None
e - Irradiate             Conj/Tmut      #######...   1%          5    None
f - Bolt of Fire          Conj/Fire      ########..   1%          6    None
g - Sticky Flame          Conj/Fire      ########     0%          4    None
h - Repel Missiles        Chrm/Air       ######       1%          2    None
i - Fireball              Conj/Fire      ########..   0%          5    None
j - Ring of Flames        Chrm/Fire      #######...   1%          7    None
k - Bolt of Magma         Conj/Fire/Erth #######...   1%          5    None


Dungeon Overview and Level Annotations

Branches:
Dungeon (15/15)            Temple (0/1) D:4            Lair (6/6) D:9
  Swamp (4/4) Lair:4       Spider (4/4) Lair:4        Slime (0/5) Lair:5
    Orc (2/2) D:9             Elf (0/3) Orc:2        Vaults (4/5) D:14
  Crypt (0/3) Vaults:3     Depths (5/5) D:15            Zot (5/5) Depths:5

Altars:
Ashenzari
Cheibriados
Dithmenos
Gozag
Makhleb
Okawaru
Ru
Sif Muna
Xom
The Shining One

Shops:
D:8 }   D:13 :[(?(*   D:15 [   Orc:2 [(=*   Vaults:2 =   Vaults:3 }
Depths:1 }}=:

Portals:
Hell: Depths:1 Depths:2 Depths:3 Depths:4 Depths:5
Abyss: Depths:1 Depths:2 Depths:4
Pandemonium: Depths:2 Depths:3 Depths:5
Ziggurat: Depths:3
Trove: Depths:5 (give 20 potions of curing)

Annotations:
D:14 2 runed doors, exclusion: 2 doors
Depths:3 exclusion: downstairs


Innate Abilities, Weirdness & Mutations

You can breathe blasts of fire.
Your fiery red scales are hard. (AC +12)
You cannot fit into any form of body armour.
Your flesh is heat resistant. (rF+)
You are cold-blooded and may be slowed by cold attacks.
You have a pair of small horns on your head.


Message History

There is a stone staircase leading up here.
You climb upwards.
There is a stone staircase leading down here.
Evoke which item? (* to show all) (? for menu, Esc to quit)
You reach into the bag... ...and things crawl out!
The now-empty bag unravels in your hand.
Casting: Bolt of Fire
Confirm with . or Enter, or press ? or * to list all spells.
You don't know that spell.
Unknown command.
Evoke which item? (* to show all) (? for menu, Esc to quit)
Zapping:
X - a wand of digging (6/24)
Press: ? - help, Shift-Dir - straight line The rock shatters into small pieces.
This wand has 5 charges left.
There is a stone staircase leading up here.
You climb upwards.
Your summoned ally is left behind.
There is a stone staircase leading down here.
There is an open door here.
There is a staircase leading out of the dungeon here.
You have escaped!

#####....##....#####.#####
#...................)#
#....##..........###.# ###
#..........#####.# #.# ..#
###.####.### #.# #.# ..#
################# #.# ###
##.....## #....# ##.### ###
#..###..# #.8..####....# ..#
#.......# #.@..'.##....#####
#.# ##.....##
#.8..#.##........# #.# ###'###
#....#.##....###.#
#.######.###########.##....#
#.#
#.............(..........###
#.# ######.########.#####{##.#
#.#
####.#####..#'#..#...#.#####.##
#..#.#..##.......#...#.........
#..#'#.###...>...#.{.#..#.#####


There were no monsters in sight!

Vanquished Creatures
  5 ancient liches (Zot:5)
  An orb of fire (Zot:5)
  the Lernaean hydra (Swamp:4)
  Margery (Depths:3)
  4 Killer Klowns (Zot:5)
  Saint Roka (Orc:2)
  2 curse toes
  A caustic shrike (Depths:5)
  Nikola (Swamp:4)
  Jory (Depths:3)
  6 golden dragons
  Arachne (Spider:4)
  Jorgrun (Spider:4)
  3 electric golems
  17 tentacled monstrosities
  Rupert (D:14)
  2 Ice Fiends
  3 liches
  Asterion (Depths:2)
  25 Orb Guardians
  4 titans
  5 quicksilver dragons
  Frances (Spider:2)
  6 death cobs
  7 sphinxes
  5 tentacled starspawn (Abyss:3)
  A thorn hunter (Swamp:1)
  Agnes (Spider:2)
  Donald (Spider:4)
  2 shadow dragons
  Kirke (Swamp:2)
  3 tengu reavers
  13 storm dragons
  A draconian monk (Zot:2)
  3 draconian knights
  Roxanne (Swamp:3)
  9 fire giants
  9 ghost moths
  4 draconian scorchers
  2 deep elf sorcerers (Vaults:4)
  11 frost giants
  11 emperor scorpions
  A juggernaut zombie (Depths:1)
  A draconian shifter (Zot:4)
  17 vault wardens
  A deep elf elementalist (Depths:5)
  Louise (D:15)
  4 draconian zealots
  A draconian annihilator (Depths:5)
  Aizul (Depths:2)
  A war gargoyle (Vaults:3)
  3 draconian callers
  27 stone giants
  26 very ugly things
  16 ironheart preservers
  4 green draconians
  2 juggernaut skeletons (Depths:3)
  An entropy weaver (shapeshifter) (Vaults:1)
  Nessos (Lair:6)
  7 black draconians
  10 vampire knights
  2 deep elf annihilators
  17 entropy weavers
  Azrael (Spider:2)
  6 mottled draconians
  2 deep elf demonologists (Vaults:1)
  5 purple draconians
  4 white draconians
  2 lorocyprocas (Abyss:3)
  8 yellow draconians
  6 spark wasps (Depths:4)
  3 deep elf death magi
  3 red draconians
  16 yaktaur captains
  24 ettins
  A merfolk impaler (Depths:2)
  A jiangshi (Vaults:3)
  15 fire dragons
  Snorg (Orc:1)
  Erolcha (D:10)
  13 great orbs of eyes
  14 ogre magi
  A monstrous demonspawn (Depths:5)
  3 rakshasas
  Harold (Lair:3)
  4 spriggan air magi
  24 hydras
  15 vault guards
  A ghost crab (Swamp:3)
  17 ice dragons
  4 catoblepae
  A ghost crab (shapeshifter) (Vaults:2)
  2 alligators (Swamp:2)
  20 centaur warriors
  6 deep troll shamans
  13 tengu warriors
  A queen ant (Spider:3)
  16 death yaks
  A vampire mage (Depths:4)
  4 deep troll earth magi
  A titan zombie (Depths:3)
  3 thrashing horrors (Abyss:3)
  A soul eater (Depths:5)
  6 deep elf knights
  7 spriggan berserkers
  6 wretched stars (Abyss:3)
  Sonja (Lair:4)
  A sixfirhy (Abyss:3)
  42 hell knights
  5 shadow wraiths (Depths:3)
  2 storm dragon skeletons
  7 unseen horrors
  10 swamp dragons
  2 iron trolls (Zot:1)
  A salamander mystic (Depths:5)
  8 skeletal warriors
  A spriggan druid (Swamp:3)
  A spatial maelstrom (Abyss:3)
  12 starcursed masses (Abyss:3)
  11 flayed ghosts
  11 wizards
  A glowing orange brain (shapeshifter) (Vaults:2)
  29 deep trolls
  6 shambling mangroves
  3 glowing orange brains
  10 deep elf archers
  6 harpies
  6 ironbrand convokers
  17 necromancers
  5 phantasmal warriors
  A shadow dragon zombie (Depths:3)
  9 orc knights
  2 mana vipers (D:13)
  Pikel (D:7)
  13 deep elf magi
  A tengu zombie (Depths:3)
  2 wolf spider zombies
  18 orb spiders
  A faun (shapeshifter) (Vaults:2)
  10 hill giants
  24 wolf spiders
  A fire giant zombie (Vaults:3)
  4 manticores
  55 ugly things
  13 cyclopes
  The ghost of Bekkur the Ducker, a novice DsFE of Qazlal (D:6)
  A stone giant skeleton (Abyss:3)
  A stone giant zombie (Vaults:3)
  24 moths of wrath
  3 worldbinders (Abyss:3)
  An iron dragon skeleton (Vaults:4)
  8 salamanders
  A tengu skeleton (Vaults:1)
  5 orc sorcerers
  3 centaur zombies
  A rust devil (Depths:5)
  4 black mambas
  Maurice (Orc:1)
  An elephant (shapeshifter) (Depths:2)
  18 vault sentinels
  An ice statue (IceCv)
  A frost giant skeleton (Depths:1)
  A guardian serpent (D:10)
  19 spiny frogs
  6 smoke demons
  7 freezing wraiths
  3 rime drakes
  66 yaktaurs
  A hellion (Depths:5)
  5 torpor snails
  2 efreet
  10 komodo dragons
  3 hellwings (Abyss:3)
  14 demonic crawlers
  A red devil (Depths:5)
  8 tengu conjurers
  A merfolk (shapeshifter) (Depths:3)
  6 ancient zymes
  A human skeleton (Vaults:1)
  7 trolls
  A wind drake (Abyss:3)
  42 jumping spiders
  A hydra zombie (Abyss:2)
  3 tyrant leeches
  4 meliai (Abyss:3)
  A troll (shapeshifter) (Depths:5)
  28 two-headed ogres
  2 queen bees
  12 polar bears (IceCv)
  27 hornets
  12 bog bodies (Swamp:4)
  A stone giant simulacrum (Vaults:3)
  13 hippogriffs
  15 blink frogs
  42 slime creatures
  An alligator zombie (Swamp:3)
  Prince Ribbit (D:7)
  Sigmund (D:4)
  A centaur simulacrum (D:14)
  103 redbacks
  2 ettin skeletons
  A spriggan zombie (Swamp:3)
  9 shadows
  3 air elementals (Depths:5)
  16 tarantellas
  14 wraiths
  6 wyverns
  2 ynoxinuls (Abyss:3)
  7 spriggans
  A spriggan (shapeshifter) (D:10)
  11 small abominations
  A vampire (D:11)
  9 water elementals
  42 yaks
  16 humans (D:14)
  6 basilisks
  4 fire bats
  15 large abominations
  4 fire elementals (Spider:1)
  A yaktaur simulacrum (Depths:1)
  Grum (D:10)
  9 chaos spawn
  A warg (shapeshifter) (Depths:5)
  A redback simulacrum (D:15)
  23 vampire mosquitoes
  A mottled dragon (D:14)
  22 swamp worms
  Menkaure (D:7)
  A mottled dragon (shapeshifter) (Vaults:3)
  3 insubstantial wisps (Swamp:4)
  The ghost of Swifterio the Conjurer, an amateur OpWz of Sif Muna (Sewer)
  9 wargs
  3 hell hounds (Spider:2)
  A soldier ant (shapeshifter) (Depths:3)
  A floating eye (Depths:3)
  25 soldier ants (Spider:3)
  11 water moccasins
  Duvessa (D:5)
  3 porcupines
  A deep troll skeleton (Vaults:4)
  34 orc warriors
  12 swamp drakes
  2 phantoms
  2 slaves (D:7)
  A sky beast (shapeshifter) (Depths:1)
  2 eyes of draining
  4 ice beasts
  4 sky beasts
  30 wolves
  A hornet zombie (D:8)
  49 ogres
  10 boggarts
  34 centaurs
  2 human zombies
  An elf skeleton (Vaults:4)
  15 crocodiles
  18 bullfrogs
  7 big kobolds
  Blork the orc (D:6)
  2 gnoll sergeants (D:7)
  A glowing shapeshifter simulacrum (Vaults:2)
  A spiny frog simulacrum (Swamp:3)
  Dowan (D:5)
  2 wyvern skeletons
  28 killer bees
  11 wights
  3 vampire bats (Abyss:3)
  7 howler monkeys
  3 electric eels
  3 crimson imps
  2 bullfrog zombies
  5 hounds
  6 jellies
  Crazy Yiuf (D:4)
  A gnoll shaman (D:7)
  13 orc priests
  4 centaur skeletons
  17 orc wizards
  An iron imp (Abyss:3)
  Terence (D:2)
  5 bullfrog skeletons
  5 iguanas
  33 worker ants
  2 hound zombies
  2 worker ant zombies
  12 gnolls
  A howler monkey skeleton (D:6)
  13 adders
  2 shadow imps
  A white imp (Abyss:3)
  An ufetubus (Vaults:1)
  An ooze (D:4)
  3 adder skeletons
  3 worms
  8 leopard geckos
  103 orcs
  2 ball pythons
  7 bats
  10 giant cockroaches
  11 goblins
  15 hobgoblins
  13 jackals
  29 kobolds
  3 quokkas
  7 frilled lizards
  2 quokka skeletons (D:6)
  8 rats
  2 butterflies (Abyss:3)
  2 crawling corpses (Vaults:4)
  A fungus (Lair:3)
  3 plants
  A starspawn tentacle (Abyss:3)
2449 creatures vanquished.

Vanquished Creatures (others)
  2 fire giants
  A fire dragon (Depths:2)
  A moth of wrath (Zot:5)
  A hellwing (Abyss:3)
  2 redbacks (Spider:4)
  A wyvern (Abyss:3)
  2 golden eyes (Abyss:3)
  2 humans (Swamp:2)
  A slave (D:7)
  An ogre (Vaults:2)
  3 killer bees (Abyss:3)
  A crimson imp (D:7)
  A small abomination (Abyss:3)
  A hound zombie (D:7)
  A worker ant zombie (D:7)
  3 orcs (D:7)
  A quokka (D:7)
  A quokka skeleton (D:7)
  A quokka zombie (D:7)
  A bush (Depths:1)
  2 butterflies (Abyss:3)
  A fulminant prism (Lair:5)
  49 fungi
  32 plants
  7 starspawn tentacles (Abyss:3)
119 creatures vanquished.

Grand Total: 2568 creatures vanquished

Notes
Turn   | Place    | Note
-------+----------+-------------------------------------------
     0 | D:1      | Dioneo the Draconian Conjurer began the quest for the Orb.
     0 | D:1      | Reached XP level 1. HP: 14/14 MP: 3/3
   266 | D:1      | Reached XP level 2. HP: 20/20 MP: 0/5
   326 | D:1      | Learned a level 2 spell: Searing Ray
  1091 | D:1      | Reached XP level 3. HP: 26/26 MP: 2/6
  1457 | D:2      | Found a faded altar of an unknown god.
  1457 | D:2      | Found an opulent altar of Gozag.
  1461 | D:2      | Noticed Terence
  1794 | D:2      | Killed Terence
  1794 | D:2      | Reached skill level 5 in Conjurations
  1936 | D:2      | Reached XP level 4. HP: 33/33 MP: 5/8
  2003 | D:2      | Learned a level 4 spell: Iskenderun's Mystic Blast
  2699 | D:2      | Found a faded altar of an unknown god.
  2703 | D:2      | Found a faded altar of an unknown god.
  2704 | D:2      | Found a faded altar of an unknown god.
  2711 | D:2      | Became a worshipper of Ashenzari the Shackled
  2711 | D:2      | Reached * piety under Ashenzari
  3005 | D:3      | Found a shadowy altar of Dithmenos.
  3294 | D:3      | Reached XP level 5. HP: 38/38 MP: 9/9
  3721 | D:3      | Found a glowing golden altar of the Shining One.
  3919 | D:4      | Noticed an ogre
  3927 | D:4      | Killed an ogre
  4013 | D:4      | Reached XP level 6. HP: 43/45 MP: 11/11
  4181 | D:4      | Found a glowing golden altar of the Shining One.
  4308 | D:4      | Found a shimmering altar of Xom.
  4361 | D:4      | Learned a level 5 spell: Iskenderun's Battlesphere
  4450 | D:4      | Found a staircase to the Ecumenical Temple.
  4663 | D:4      | Noticed Sigmund
  4671 | D:4      | Killed Sigmund
  4671 | D:4      | Reached skill level 1 in Charms
  4671 | D:4      | Your scales start taking on a fiery red colour.
  4671 | D:4      | Reached XP level 7. HP: 50/50 MP: 9/13
  4671 | D:4      | Gained mutation: Your flesh is heat resistant. (rF+) [Red Draconian growth]
  5259 | D:4      | Found a runed door.
  5263 | D:4      | Noticed Crazy Yiuf
  5268 | D:4      | Killed Crazy Yiuf
  5538 | D:5      | Entered Level 5 of the Dungeon
  5629 | D:5      | Noticed Dowan
  5649 | D:5      | Found a glowing drain.
  5694 | Sewer    | Entered a sewer
  5727 | Sewer    | Noticed Swifterio's ghost (amateur OpWz)
  5731 | Sewer    | Killed Swifterio's ghost
  5944 | Sewer    | Found a white marble altar of Elyvilon.
  6146 | D:5      | Learned a level 3 spell: Dazzling Spray
  6336 | D:5      | Reached XP level 8. HP: 57/57 MP: 11/15
  6360 | D:5      | Reached skill level 5 in Spellcasting
  6501 | D:5      | Noticed Duvessa
  6509 | D:5      | Killed Dowan
  6513 | D:5      | Killed Duvessa
  6763 | D:5      | Reached ** piety under Ashenzari
  7456 | D:6      | Found a shattered altar of Ashenzari.
  7847 | D:6      | Noticed Blork the orc
  7855 | D:6      | Killed Blork the orc
  8085 | D:6      | Noticed Bekkur's ghost (novice DsFE)
  8108 | D:6      | Reached XP level 9. HP: 62/62 MP: 9/17
  8151 | D:6      | Killed Bekkur's ghost
  8151 | D:6      | Reached skill level 10 in Conjurations
  8854 | D:6      | Reached skill level 5 in Charms
  9196 | D:7      | Reached skill level 1 in Shields
  9687 | D:7      | Noticed Pikel
  9703 | D:7      | Killed Pikel
  9703 | D:7      | Reached XP level 10. HP: 33/69 MP: 13/20
  9927 | D:7      | Noticed Prince Ribbit
  9935 | D:7      | Killed Prince Ribbit
 10202 | D:7      | Noticed Menkaure
 10203 | D:7      | Killed Menkaure
 10933 | D:7      | Reached skill level 1 in Fighting
 11552 | D:8      | Reached skill level 2 in Fighting
 11629 | D:8      | Found a burning altar of Makhleb.
 11630 | D:8      | Found an iron altar of Okawaru.
 11703 | D:8      | Found Moaraz's Gadget Shoppe.
 11707 | D:8      | Bought a wand of teleportation (2/9) for 234 gold pieces
 12676 | D:9      | Reached skill level 3 in Fighting
 13173 | D:9      | Found a sacrificial altar of Ru.
 13173 | D:9      | Found a shattered altar of Ashenzari.
 13661 | D:9      | Reached *** piety under Ashenzari
 13686 | D:9      | Found a staircase to the Lair.
 14065 | D:9      | Reached skill level 4 in Fighting
 14099 | D:9      | Found a staircase to the Orcish Mines.
 14465 | D:9      | Reached XP level 11. HP: 85/85 MP: 22/22
 14644 | Lair:1   | Entered Level 1 of the Lair of Beasts
 14973 | Lair:1   | Noticed an eight-headed hydra
 15279 | Lair:1   | Killed an eight-headed hydra
 15279 | Lair:1   | Reached skill level 5 in Fighting
 16062 | Lair:2   | Learned a level 4 spell: Fulminant Prism
 16125 | Lair:2   | Reached skill level 6 in Fighting
 16290 | Lair:2   | Reached **** piety under Ashenzari
 16560 | Lair:2   | Reached skill level 5 in Dodging
 16644 | Lair:3   | Noticed Harold
 16652 | Lair:3   | Killed Harold
 16776 | Lair:3   | Found a snail-covered altar of Cheibriados.
 16948 | Lair:3   | Identified Ulatzobb's Catalogue of the Aerial Volcanoes
 17040 | Lair:3   | Learned a level 4 spell: Sticky Flame
 17043 | Lair:3   | Learned a level 2 spell: Repel Missiles
 17298 | Lair:3   | Reached skill level 1 in Fire Magic
 17992 | Lair:4   | Found a hole to the Spider Nest.
 18006 | Lair:4   | Reached skill level 7 in Fighting
 18196 | Lair:4   | Reached XP level 12. HP: 100/100 MP: 17/24
 18561 | Lair:4   | Noticed Sonja
 18564 | Lair:4   | Killed Sonja
 18795 | Lair:4   | Found a staircase to the Swamp.
 18854 | Lair:4   | Noticed a four-headed hydra
 18858 | Lair:4   | Killed a four-headed hydra
 18964 | Lair:5   | Reached ***** piety under Ashenzari
 19023 | Lair:5   | Noticed an eight-headed hydra
 19042 | Lair:5   | Killed an eight-headed hydra
 19097 | Lair:5   | Reached skill level 8 in Fighting
 19531 | Lair:5   | Reached skill level 5 in Fire Magic
 19595 | Lair:5   | Found a staircase to the Slime Pits.
 19596 | Lair:5   | Noticed a death yak
 19596 | Lair:5   | Noticed a death yak
 19598 | Lair:5   | Noticed a death yak
 19601 | Lair:5   | Noticed a death yak
 19615 | Lair:5   | Killed a death yak
 20231 | Lair:5   | Killed a death yak
 20375 | Lair:6   | Entered Level 6 of the Lair of Beasts
 20418 | Lair:6   | Noticed a death yak
 20422 | Lair:6   | Noticed a death yak
 20423 | Lair:6   | Noticed a death yak
 20424 | Lair:6   | Noticed a death yak
 20426 | Lair:6   | Noticed a death yak
 20437 | Lair:5   | Killed a death yak
 20634 | Lair:5   | Killed a death yak
 20652 | Lair:5   | Killed a death yak
 21165 | Lair:5   | Reached skill level 9 in Fighting
 21182 | Lair:5   | Killed a death yak
 21193 | Lair:5   | Killed a death yak
 21487 | Lair:6   | Noticed a catoblepas
 21510 | Lair:6   | Killed a catoblepas
 21510 | Lair:6   | Reached skill level 1 in Evocations
 21510 | Lair:6   | Reached XP level 13. HP: 55/111 MP: 0/26
 22336 | Lair:6   | Noticed Nessos
 22348 | Lair:6   | Killed Nessos
 22838 | Lair:6   | Reached skill level 10 in Fighting
 23631 | Lair:6   | Reached skill level 10 in Spellcasting
 23883 | Lair:6   | Reached skill level 1 in Maces & Flails
 24191 | Lair:6   | Identified the cursed +0 buckler of Niogiak {Int+2}
 24192 | Lair:6   | Identified the cursed ring "Qahuifot" {rC+ MR+ Int+4}
 24487 | Orc:1    | Entered Level 1 of the Orcish Mines
 24590 | Orc:2    | Entered Level 2 of the Orcish Mines
 24642 | Orc:2    | Found Koqa's Antique Armour Boutique.
 24644 | Orc:2    | Noticed an ettin
 24789 | D:10     | Entered Level 10 of the Dungeon
 24816 | D:10     | Noticed Grum
 24822 | D:10     | Killed Grum
 25286 | D:10     | Noticed Erolcha
 25290 | D:10     | Killed Erolcha
 25623 | D:10     | Reached XP level 14. HP: 122/122 MP: 27/28
 26029 | D:11     | Reached skill level 11 in Fighting
 26666 | D:11     | Identified the ring of Noon {MP+9 Str+4 Dex-2}
 27244 | D:12     | Found a deep blue altar of Sif Muna.
 28277 | D:13     | Found Asusk's Antique Weapon Boutique.
 28294 | D:13     | Reached skill level 5 in Maces & Flails
 28531 | D:13     | Found Pemarchu's Book Boutique.
 28536 | D:13     | Bought a book of Fire for 1170 gold pieces
 28544 | D:13     | Learned a level 5 spell: Fireball
 28548 | D:13     | Reached ****** piety under Ashenzari
 28847 | D:13     | Reached skill level 10 in Dodging
 29109 | D:13     | Learned a level 6 spell: Bolt of Fire
 29302 | D:13     | Found Neosh's Serpentskin Sales.
 29451 | D:13     | Found Utubuwud's Antique Weapon Boutique.
 29578 | D:13     | Found Fireju's Magic Scroll Shop.
 29620 | D:13     | Bought a scroll of identify for 28 gold pieces
 29620 | D:13     | Bought a scroll of identify for 28 gold pieces
 29620 | D:13     | Bought a scroll of identify for 28 gold pieces
 29620 | D:13     | Bought a scroll of identify for 28 gold pieces
 29620 | D:13     | Bought a scroll of blinking for 105 gold pieces
 29788 | D:13     | Reached skill level 12 in Fighting
 30013 | D:13     | Found Focsi's Armour Boutique.
 30042 | D:14     | Found a gate to the Vaults.
 30042 | D:14     | Noticed Rupert
 30100 | D:14     | Found a frozen archway.
 30141 | IceCv    | Entered an ice cave
 30148 | IceCv    | Reached skill level 15 in Conjurations
 30852 | IceCv    | Noticed a frost giant
 30870 | IceCv    | Killed a frost giant
 31389 | D:14     | Reached XP level 15. HP: 134/134 MP: 14/29
 31482 | D:14     | Killed Rupert
 31968 | D:14     | Gained mutation: You have supernaturally acute eyesight. (SInv) [potion of beneficial mutation]
 32264 | D:14     | Found a large runed door.
 32265 | D:14     | Found a large runed door.
 32821 | D:15     | Entered Level 15 of the Dungeon
 32916 | D:15     | Found a staircase to the Depths.
 32916 | D:15     | Noticed a fire giant
 33069 | D:15     | Noticed Louise
 33078 | D:15     | Killed Louise
 33335 | D:15     | Reached skill level 13 in Fighting
 33520 | D:15     | Killed a fire giant
 33854 | D:15     | Found Kabic's Armour Boutique.
 34428 | Orc:2    | Found Peteuh's Antique Weapon Emporium.
 34927 | Orc:2    | Found Dyci's General Store.
 34933 | Orc:2    | Found a staircase to the Elven Halls.
 34946 | Orc:2    | Noticed Saint Roka
 34958 | Orc:2    | Found Zytott's Jewellery Shop.
 35346 | Orc:2    | Killed Saint Roka
 35960 | Orc:1    | Reached XP level 16. HP: 144/144 MP: 24/30
 35990 | Orc:1    | Noticed Snorg
 35996 | Orc:1    | Killed Snorg
 36052 | Orc:1    | Noticed Maurice
 36054 | Orc:1    | Killed Maurice
 36273 | Orc:1    | Found Seratt's Magic Scroll Emporium.
 36681 | Orc:2    | Bought the +3 crown of Dyrovepreva {rElec Int+2 SInv} for 703 gold pieces
 36953 | Swamp:1  | Entered Level 1 of the Swamp
 36953 | Swamp:1  | Noticed a thorn hunter
 36958 | Swamp:1  | Killed a thorn hunter
 38060 | Swamp:1  | Reached skill level 10 in Fire Magic
 38492 | Swamp:2  | Reached skill level 14 in Fighting
 38703 | Swamp:2  | Noticed Kirke
 38707 | Swamp:2  | Killed Kirke
 40461 | Swamp:3  | Noticed Roxanne
 40678 | Swamp:3  | Killed Roxanne
 40733 | Swamp:3  | Identified Roxanne's Grimoire of Transmigration (You took it off Roxanne on level 3 of the Swamp)
 40951 | Swamp:3  | Found an iron altar of Okawaru.
 41093 | Swamp:4  | Entered Level 4 of the Swamp
 41323 | Swamp:4  | Reached skill level 10 in Maces & Flails
 42290 | Swamp:4  | Noticed Nikola
 42299 | Swamp:4  | Killed Nikola
 42477 | Swamp:4  | Noticed the 27-headed Lernaean hydra
 42921 | Swamp:4  | Reached XP level 17. HP: 125/154 MP: 17/31
 43008 | Swamp:4  | Learned a level 5 spell: Irradiate
 43786 | Swamp:4  | Killed the 27-headed Lernaean hydra
 43786 | Swamp:4  | Reached skill level 15 in Fighting
 43834 | Swamp:4  | Got a decaying rune of Zot
 44746 | Spider:1 | Entered Level 1 of the Spider Nest
 45524 | Spider:2 | Noticed Agnes
 45547 | Spider:2 | Killed Agnes
 46368 | Spider:2 | Noticed Azrael
 46377 | Spider:2 | Killed Azrael
 47768 | Spider:2 | Noticed Frances
 47777 | Spider:2 | Killed Frances
 50356 | Spider:3 | Reached XP level 18. HP: 155/166 MP: 7/33
 50714 | Spider:3 | Reached skill level 16 in Fighting
 51513 | Spider:4 | Entered Level 4 of the Spider Nest
 51699 | Spider:4 | Noticed Jorgrun
 51706 | Spider:4 | Noticed Arachne
 51706 | Spider:4 | Killed Jorgrun
 51781 | Spider:4 | Killed Arachne
 51803 | Spider:4 | Reached skill level 5 in Evocations
 53201 | Spider:4 | Noticed Donald
 53213 | Spider:4 | Killed Donald
 54511 | Spider:4 | Got a gossamer rune of Zot
 55264 | Lair:1   | Learned a level 7 spell: Ring of Flames
 55402 | Vaults:1 | Entered Level 1 of the Vaults
 55844 | Vaults:1 | Reached skill level 17 in Fighting
 55867 | Vaults:1 | Reached XP level 19. HP: 171/177 MP: 5/35
 60479 | Vaults:2 | Reached skill level 15 in Fire Magic
 61264 | Vaults:2 | Reached skill level 18 in Fighting
 61408 | Vaults:2 | Reached XP level 20. HP: 161/187 MP: 12/37
 62500 | D:13     | Bought 2 scrolls of recharging for 266 gold pieces
 62648 | Orc:2    | Bought a scroll of teleportation for 51 gold pieces
 62648 | Orc:2    | Bought a beef jerky for 25 gold pieces
 62648 | Orc:2    | Bought a beef jerky for 25 gold pieces
 63070 | Vaults:2 | Found Qoigod's Jewellery Shop.
 63886 | Vaults:2 | Gained mutation: You have a pair of small horns on your head. [potion of beneficial mutation]
 64564 | Vaults:3 | Found Yfito's Gadget Boutique.
 64629 | Vaults:3 | Reached skill level 15 in Dodging
 65762 | Vaults:3 | Found a staircase to the Crypt.
 66471 | Vaults:3 | Reached skill level 5 in Stealth
 66973 | Vaults:3 | Reached XP level 21. HP: 130/196 MP: 7/39
 67073 | Vaults:3 | Reached skill level 19 in Fighting
 68473 | Vaults:4 | Reached skill level 15 in Spellcasting
 71402 | Depths:1 | Entered Level 1 of the Depths
 71722 | Depths:1 | Found Kuuv's Book Shop.
 72090 | Depths:1 | Found a gateway to Hell.
 72149 | Depths:1 | Found Ahook's Jewellery Emporium.
 72149 | Depths:1 | Found Ycsured's Gadget Shop.
 72150 | Depths:1 | Found Eryxamo's Gadget Shop.
 72152 | Depths:1 | Noticed a golden dragon
 72162 | Depths:1 | Killed a golden dragon
 72224 | Depths:1 | Bought the ring "Peod" {MR++ AC+4 Str+2 Int+8} for 1520 gold pieces
 72552 | Depths:1 | Found a one-way gate to the infinite horrors of the Abyss.
 72687 | Depths:1 | Reached XP level 22. HP: 200/209 MP: 2/41
 73417 | Depths:2 | Reached skill level 20 in Fighting
 75216 | Depths:2 | Noticed Asterion
 75234 | Depths:2 | Killed Asterion
 75388 | Depths:2 | Found a runed door.
 76126 | Depths:2 | Reached skill level 10 in Stealth
 76450 | Depths:2 | Identified the cursed +0 broad axe of Breach {flame, *Corrode rPois rF++ rN+}
 76526 | Depths:2 | Found a one-way gate leading to the halls of Pandemonium.
 76779 | Depths:2 | Identified the +11 shortbow "Beetleslayer" {venom, rPois rN+ Int+2 SInv}
 76915 | Depths:2 | Noticed Aizul
 76921 | Depths:2 | Killed Aizul
 77439 | Depths:3 | Found a gateway to a ziggurat.
 78390 | Depths:3 | Identified the cursed +0 short sword of Egomania {pierce, +Rage rPois rF- rC+}
 78464 | Depths:3 | Noticed Jory
 78464 | Depths:3 | Reached XP level 23. HP: 217/217 MP: 37/43
 78474 | Depths:3 | Killed Jory
 78806 | Depths:3 | Noticed Margery
 78817 | Depths:3 | Killed Margery
 79537 | Depths:3 | Reached skill level 21 in Fighting
 80098 | Depths:4 | Paralysed by a chaos spawn for 2 turns
 83436 | Depths:5 | Entered Level 5 of the Depths
 84140 | Depths:5 | Reached XP level 24. HP: 222/231 MP: 29/44
 84769 | Depths:5 | Found a portal to a secret trove of treasure.
 85257 | Depths:5 | Identified a scroll of acquirement
 85989 | Depths:5 | Found a gate to the Realm of Zot.
 86121 | Depths:5 | Identified Kemobo's Papyrus of Harmful Fire (You acquired it on level 5 of the Depths)
 86132 | Depths:5 | Learned a level 5 spell: Bolt of Magma
 86230 | Depths:5 | Reached skill level 22 in Fighting
 87219 | Depths:4 | Voluntarily entered the Abyss.
 87269 | Abyss:2  | Found a corrupted altar of Lugonu.
 88703 | Abyss:3  | Got an abyssal rune of Zot
 89033 | Abyss:3  | Found a bloodstained altar of Trog.
 89258 | Depths:4 | Escaped the Abyss
 89352 | Zot:1    | Entered Level 1 of the Realm of Zot
 90211 | Zot:1    | Reached XP level 25. HP: 199/240 MP: 28/45
 92698 | Zot:2    | Reached skill level 23 in Fighting
 94383 | Zot:5    | Entered Level 5 of the Realm of Zot
 95068 | Zot:5    | Noticed an ancient lich
 95081 | Zot:5    | Killed an ancient lich
 95081 | Zot:5    | Reached XP level 26. HP: 174/251 MP: 2/46
 95203 | Zot:5    | Noticed an ancient lich
 95212 | Zot:5    | Killed an ancient lich
 95250 | Zot:5    | Noticed an ancient lich
 95261 | Zot:5    | Killed an ancient lich
 95966 | Zot:5    | Noticed an orb of fire
 96033 | Zot:5    | Lost mutation: You have supernaturally acute eyesight. (SInv) [an orb of fire]
 96037 | Zot:5    | Killed an orb of fire
 96095 | Zot:5    | Noticed an ancient lich
 96658 | Zot:5    | Noticed an ancient lich
 96677 | Zot:5    | Killed an ancient lich
 97063 | Zot:5    | Killed an ancient lich
 97357 | Zot:5    | Reached skill level 24 in Fighting
 97851 | Zot:5    | Reached skill level 15 in Stealth
 98291 | Zot:5    | Got the Orb of Zot
 98327 | Zot:5    | Noticed Ufikushig the pandemonium lord
 98891 | D:7      | HP: 11/254 [Hell Sentinel/damnation (39)]
 99166 | D:$      | Escaped with the Orb!

Skill      XL: |  1  2  3  4  5  6  7  8  9 10 11 12 13 14 15 16 17 18 19 20 21 22 23 24 25 26 |
---------------+-------------------------------------------------------------------------------+-----
Conjurations   | 5 6 7 8 9 10 11 12 13 14 15 16 | 16.1
Spellcasting   | 3 4 5 7 8 9 10 11 12 13 14 15 16 17 18 19 20 | 20.0
Charms         | 1 2 4 5 6 7 |  7.0
Shields        | 2 4 |  4.0
Fighting       | 4 7 9 10 12 13 14 15 17 18 19 20 21 22 23 24 | 24.2
Dodging        | 3 5 7 9 10 11 12 13 14 15 16 17 18 19 20 | 20.4
Fire Magic     | 2 5 6 9 11 13 15 16 | 16.0
Evocations     | 1 3 5 7 |  7.0
Maces & Flails | 3 6 8 10 11 12 | 12.0
Stealth        | 5 8 10 12 13 15 | 15.2

Action                   |  1- 3 |  4- 6 |  7- 9 | 10-12 | 13-15 | 16-18 | 19-21 | 22-24 | 25-27 || total
-------------------------+-------+-------+-------+-------+-------+-------+-------+-------+-------++-------
Melee: Dagger            |    33 |    57 |   131 |       |       |       |       |       |       ||   221
       Tailslap          |     3 |     5 |     9 |    16 |    16 |    79 |   101 |   245 |   124 ||   598
       Whip              |       |       |       |    96 |   161 |   568 |   467 |       |       ||  1292
       Headbutt          |       |       |       |       |       |       |    89 |   343 |   147 ||   579
       Demon whip        |       |       |       |       |       |       |    76 |  1327 |   648 ||  2051
 Cast: Magic Dart        |    46 |    38 |    73 |   247 |   532 |   660 |   442 |   156 |   128 ||  2322
       Searing Ray       |     5 |    17 |    39 |    41 |    31 |     1 |       |       |     1 ||   135
       Iskenderun's Myst |       |     2 |    45 |   131 |   252 |   404 |   345 |   319 |    78 ||  1576
       Dazzling Spray    |       |       |     3 |     8 |       |       |       |       |       ||    11
       Iskenderun's Batt |       |       |       |    53 |   184 |   203 |   183 |    90 |    30 ||   743
       Repel Missiles    |       |       |       |     1 |     2 |     2 |     6 |     5 |       ||    16
       Sticky Flame      |       |       |       |    18 |    51 |    82 |    59 |    11 |     9 ||   230
       Fulminant Prism   |       |       |       |     1 |       |       |       |       |       ||     1
       Fireball          |       |       |       |       |    21 |    13 |    63 |    18 |       ||   115
       Bolt of Fire      |       |       |       |       |       |    32 |    94 |   210 |   134 ||   470
       Irradiate         |       |       |       |       |       |    12 |    12 |    33 |    10 ||    67
       Ring of Flames    |       |       |       |       |       |       |     1 |     1 |     1 ||     3
       Bolt of Magma     |       |       |       |       |       |       |       |    40 |    62 ||   102
Invok: Curse Item        |       |     1 |     1 |     2 |     1 |     3 |     4 |     1 |       ||    13
       Scrying           |       |       |     2 |       |       |       |       |       |       ||     2
 Abil: Breathe Fire      |       |       |     6 |     5 |    10 |    29 |    24 |     3 |     4 ||    81
Evoke: Wand              |       |       |     2 |     6 |     7 |     5 |     3 |    10 |    17 ||    50
       Disc of storms    |       |       |       |       |       |     1 |     3 |       |       ||     4
       Crystal ball of e |       |       |       |       |       |       |     3 |       |       ||     3
       Lamp of fire      |       |       |       |       |       |       |     1 |       |       ||     1
       Sack of spiders   |       |       |       |       |       |       |       |       |     1 ||     1
  Use: Scroll            |       |     6 |     2 |    15 |    12 |    20 |    11 |    16 |    11 ||    93
       Potion            |       |       |       |     5 |     9 |     7 |     1 |    10 |     8 ||    40
 Stab: Sleeping          |     2 |     3 |     3 |     1 |       |       |     2 |    19 |     3 ||    33
       Distracted        |       |       |       |       |       |       |       |     7 |       ||     7
  Eat: Chunk             |     3 |     4 |    12 |    30 |    18 |     4 |    46 |    19 |    10 ||   146
       Meat ration       |       |     2 |     1 |     4 |     5 |     2 |       |     3 |       ||    17
       Pizza             |       |       |     2 |     1 |       |     3 |       |       |       ||     6
       Fruit             |       |       |       |    13 |    33 |     8 |       |     6 |     5 ||    65
       Beef jerky        |       |       |       |     1 |     3 |     1 |       |     1 |     4 ||    10
       Bread ration      |       |       |       |       |     2 |    14 |     6 |     1 |     2 ||    25
       Royal jelly       |       |       |       |       |       |     1 |       |     5 |       ||     6
Armor: Skin              |    12 |    25 |    81 |    93 |    96 |   292 |   169 |   272 |   124 ||  1164
Dodge: Dodged            |    25 |    46 |   134 |   185 |   359 |   918 |   657 |  1171 |   491 ||  3986
       Deflected         |       |       |       |     2 |    19 |     5 |    74 |    36 |     6 ||   142
Block: Buckler           |       |       |     8 |    70 |   137 |   245 |   214 |   294 |   115 ||  1083
